 Dungeon Crawl Stone Soup version 0.28-a0-794-gafe8c5f9e9 (webtiles) character file.

Game seed: 2416859465575397382

5888 flotson the Skirmisher (level 10, -11/79 HPs)
             Began as a Demonspawn Delver on Nov 5, 2021.
             Was an Initiate of Gozag.
             Killed from afar by a will-o-the-wisp (12 damage)
             ... with a foxfire
             ... on level 2 of the Abyss.
             The game lasted 00:30:32 (12557 turns).

flotson the Skirmisher (Demonspawn Delver)         Turns: 12557, Time: 00:30:32

Health: -11/79     AC: 16    Str: 17    XL:     10   Next: 52%
Magic:  19/19      EV: 11    Int:  7    God:    Gozag
Gold:   297        SH: 11    Dex: 20    Spells: 9/9 levels left

rFire   + . .      SeeInvis +   a - +5 whip
rCold   . . .      Faith    .   F - +0 kite shield
rNeg    . . .      Spirit   .   i - +0 scale mail
rPois   .          Reflect  .   (no helmet)
rElec   .          Harm     .   J - +2 cloak {rCorr}
rCorr   +          Rampage  .   A - +2 pair of gloves of the Original Sin {MP+9 Int-4 SInv}
Will    .....                   B - +0 pair of boots
Stlth   ++........              (no amulet)
HPRegen 0.23/turn               N - ring of protection from fire
MPRegen 0.16/turn               x - +6 ring of dexterity

@: no status effects
A: rugged brown scales 1, spiny 3, demonic touch 1
a: Renounce Religion, Potion Petition, Call Merchant, Bribe Branch


You were on level 2 of the Abyss.
You worshipped Gozag.
Gozag was aware of your devotion.
You visited 2 branches of the dungeon, and saw 10 of its levels.
You visited the Abyss 2 times.

You collected 1199 gold pieces.
You spent 820 gold pieces at shops.
You paid 82 gold pieces to Gozag.

Inventory:

Hand Weapons
 a - a +5 whip (weapon)
 b - a +0 hunting sling
 c - a +0 vampiric hand axe
 k - a +2 flail of protection
 G - a +4 dagger of chaos
Missiles
 f - 329 stones
 h - 63 poisoned darts (quivered)
 C - a throwing net
 I - 4 javelins
Armour
 i - a +0 scale mail (worn)
 A - the +2 pair of gloves of the Original Sin (worn) {MP+9 Int-4 SInv}
   (You bought it in a shop on level 9 of the Dungeon)

   Int:       It affects your intelligence (-4).
   MP:        It affects your magic capacity (+9).
   SInv:      It lets you see invisible.
 B - a +0 pair of boots (worn)
 F - a +0 kite shield (worn)
 J - a +2 cloak of preservation (worn)
Jewellery
 q - a ring of poison resistance
 x - a +6 ring of dexterity (right hand)
 M - a +4 ring of protection
 N - a ring of protection from fire (left hand)
Wands
 g - a wand of digging (8)
 s - a wand of polymorph (20)
 w - a wand of flame (81)
Scrolls
 d - 3 scrolls of magic mapping
 e - 2 scrolls of silence {unknown}
 j - 3 scrolls of teleportation
 l - a scroll of noise {unknown}
 m - a scroll of summoning {unknown}
 o - 4 scrolls of identify {unknown}
 r - 3 scrolls of fog
 t - a scroll of amnesia {unknown}
 v - a scroll of brand weapon {unknown}
 y - a scroll of enchant weapon {unknown}
 D - 2 scrolls of torment {unknown}
 L - a scroll of enchant armour {unknown}
Potions
 n - 3 potions of curing {unknown}
 p - a potion of flight
 u - a potion of invisibility {unknown}
 z - a potion of resistance {unknown}
 E - a potion of might {unknown}
 H - a potion of mutation {unknown}
 K - a potion of cancellation {unknown}


   Skills:
 + Level 6.8 Fighting
 - Level 1.7(3.7) Axes
 + Level 5.2(5.4) Maces & Flails
 + Level 5.5 Throwing
 + Level 5.4 Armour
 + Level 5.8 Dodging
 - Level 4.5 Stealth
 + Level 5.2 Shields
 + Level 5.4 Evocations


You had 9 spell levels left.
You didn't know any spells.
Your spell library contained the following spells:

 Spells                   Type           Power      Damage    Failure   Level
 Apportation              Tloc           0%         N/A       99%         1
 Freeze                   Ice            0%         1d3       99%         1
 Frozen Ramparts          Ice            0%         1d2       100%        3
 Gell's Gravitas          Tloc           0%         N/A       100%        3
 Lesser Beckoning         Tloc           0%         N/A       100%        3
 Teleport Other           Tloc           0%         N/A       100%        3
 Hailstorm                Conj/Ice       0%         3d3       100%        4
 Alistair's Intoxication  Tmut/Pois      0%         N/A       100%        5
 Invisibility             Hex            0%         N/A       100%        6


Dungeon Overview and Level Annotations

Branches:
Dungeon (9/15)             Temple (1/1) D:5
   Lair: D:8-11         Orc: D:9-12

Altars:
Ashenzari
Cheibriados
Dithmenos
Elyvilon
Fedhas
Gozag
Hepliaklqana
Kikubaaqudgha
Makhleb
Nemelex Xobeh
Okawaru
Ru
Sif Muna
Trog
Vehumet
Xom
Zin
The Shining One

Shops:
D:9 [:[

Annotations:
D:4 1 transporter


Innate Abilities, Weirdness & Mutations

You are partially covered in rugged brown scales. (AC +1, +3% HP)
You are completely covered in sharp spines.
Your touch may inflict minor irresistible damage on your foes.


Message History

You whack the will-o-the-wisp!
The will-o-the-wisp is almost destroyed.
The foxfire hits you but does no damage.
The foxfire hits you! You resist.
* * * LOW HITPOINT WARNING * * *
The will-o-the-wisp engulfs you but does no damage.
You closely miss the will-o-the-wisp.
The will-o-the-wisp is almost destroyed.
The will-o-the-wisp gestures.
The will-o-the-wisp conjures some foxfire! 2 foxfires come into view.
You closely miss the will-o-the-wisp.
The will-o-the-wisp is almost destroyed.
The foxfire hits you! You resist.
* * * LOW HITPOINT WARNING * * *
The foxfire hits you. You resist.
* * * LOW HITPOINT WARNING * * *
The will-o-the-wisp gestures.
The will-o-the-wisp conjures some foxfire! 2 foxfires come into view.
You hit the will-o-the-wisp.
The will-o-the-wisp is almost destroyed.
The foxfire hits you. You resist.
* * * LOW HITPOINT WARNING * * *
The foxfire hits you. You resist.
* * * LOW HITPOINT WARNING * * *
The will-o-the-wisp closely misses you.
You hit the will-o-the-wisp.
The will-o-the-wisp is almost destroyed.
You block the will-o-the-wisp's attack.
You hit the will-o-the-wisp but do no damage.
The will-o-the-wisp is almost destroyed.
The will-o-the-wisp gestures.
The will-o-the-wisp conjures some foxfire! 2 foxfires come into view.
You hit the will-o-the-wisp.
The will-o-the-wisp is almost destroyed.
The foxfire hits you! You resist.
You die...
Your body crumbles into a pile of gold.

###### . ###.#.#
## .# .#... ...##
..# #####.. #. . .
.##..#..#..#.#...#
##.#...#.##...
#..#
###v.#...####..##
. #.#v...# # .## .
#v@..#.# ..##...
#......# .. .##..
# #.......###.#
..(.. .######..#.
.#.. ..## ##.. #.
.. #. #..##.. . #
.. . #.... #. #.
.#..#. . # . # # #
..


You could see a will-o-the-wisp.

Vanquished Creatures
  Pikel (D:8)
  Psyche (D:8)
  A hornet (D:7)
  Grinder (D:6)
  2 wyverns (D:9)
  2 yaks
  Eustachio (D:5)
  Grum (D:8)
  2 steam dragons (D:8)
  Menkaure (D:6)
  Edmund (D:6)
  The ghost of bande the Covered, an amateur GrFi (D:4)
  An acid dragon (D:9)
  2 water moccasins
  A small abomination (Abyss:2)
  2 sky beasts
  A necrophage (D:7)
  2 ogres
  2 centaurs
  2 wolves (D:8)
  A kobold brigand (D:7)
  4 bullfrogs
  A gnoll sergeant (D:7)
  Dowan (D:6)
  6 killer bees (D:9)
  8 wights
  2 howler monkeys
  2 jellies
  A quasit (Abyss:2)
  4 hounds
  An orc priest (D:7)
  A centaur zombie (D:9)
  2 iron imps
  3 iguanas
  Ijyb (D:3)
  4 orc wizards
  Natasha (thrice) (D:3)
  A hound zombie (D:5)
  A hound skeleton (D:4)
  A howler monkey zombie (D:8)
  9 gnolls
  12 adders
  A shadow imp (D:5)
  A white imp (D:7)
  2 ufetubi
  A worm (D:2)
  5 dart slugs
  15 orcs
  11 endoplasms
  2 giant cockroaches
  11 goblins
  9 hobgoblins
  11 jackals
  9 quokkas
  9 ball pythons
  3 bats (D:3)
  4 frilled lizards
  13 kobolds
  A quokka skeleton (D:4)
  4 rats (D:1)
209 creatures vanquished.

Vanquished Creatures (others)
  10 foxfires (Abyss:2)
10 creatures vanquished.

Grand Total: 219 creatures vanquished

Notes
Turn   | Place    | Note
-------+----------+-------------------------------------------
     0 | D:5      | flotson the Demonspawn Delver began the quest for the Orb.
     0 | D:5      | Reached XP level 1. HP: 18/18 MP: 1/1
   299 | D:2      | Gained mutation: You are partially covered in sharp spines.
                  | [demonic ancestry]
   299 | D:2      | Reached XP level 2. HP: 19/24 MP: 2/2
   597 | D:1      | Reached skill level 1 in Throwing
   610 | D:1      | Gained mutation: You are mostly covered in sharp spines.
                  | [demonic ancestry]
   610 | D:1      | Reached XP level 3. HP: 29/29 MP: 3/3
   759 | D:1      | Reached skill level 1 in Armour
  1440 | D:2      | Gained mutation: You are partially covered in rugged brown
                  | scales. (AC +1, +3% HP) [demonic ancestry]
  1440 | D:2      | Reached XP level 4. HP: 29/36 MP: 4/4
  1443 | D:2      | Reached skill level 1 in Maces & Flails
  1619 | D:2      | Reached skill level 1 in Shields
  1942 | D:2      | Reached XP level 5. HP: 43/43 MP: 5/5
  1981 | D:2      | Found a faded altar of an unknown god.
  2568 | D:3      | Noticed Natasha
  2571 | D:3      | Killed Natasha
  2583 | D:3      | Noticed Natasha
  2590 | D:3      | Killed Natasha
  2815 | D:3      | Noticed Ijyb
  2837 | D:3      | Killed Ijyb
  2842 | D:3      | Gained mutation: You are completely covered in sharp
                  | spines. [demonic ancestry]
  2842 | D:3      | Reached XP level 6. HP: 48/49 MP: 6/6
  2930 | D:3      | Reached skill level 4 in Fighting
  3173 | D:3      | Noticed Natasha
  3180 | D:3      | Killed Natasha
  3611 | D:4      | Noticed a water moccasin
  3616 | D:4      | Killed a water moccasin
  3617 | D:4      | Reached skill level 1 in Evocations
  3764 | D:4      | Found a transporter.
  3779 | D:4      | Found a transporter.
  3780 | D:4      | Noticed a toenail golem
  3830 | D:4      | Reached XP level 7. HP: 55/55 MP: 7/7
  3857 | D:4      | Noticed bande's ghost (amateur GrFi)
  4114 | D:4      | Cast into level 1 of the Abyss (kobold brigand)
  4140 | Abyss:1  | Noticed a small abomination
  4143 | D:4      | Escaped the Abyss
  4161 | D:4      | Killed bande's ghost
  5130 | D:5      | Found a staircase to the Ecumenical Temple.
  5139 | Temple   | Entered the Ecumenical Temple
  5261 | Temple   | Became a worshipper of Gozag Ym Sagoz the Greedy
  5340 | D:5      | Noticed Eustachio
  5389 | D:5      | Killed Eustachio
  5390 | D:5      | Reached XP level 8. HP: 37/62 MP: 8/8
  6011 | D:6      | Noticed Menkaure
  6026 | D:6      | Noticed Edmund
  6323 | D:6      | Reached skill level 5 in Fighting
  6412 | D:6      | Noticed Grinder
  6425 | D:6      | Killed Grinder
  6605 | D:6      | Noticed Dowan
  6621 | D:6      | Killed Dowan
  6668 | D:6      | Noticed Duvessa
  6672 | D:6      | Noticed Duvessa
  6672 | D:6      | Duvessa changed into Duvessa the sky beast
  6680 | D:6      | Killed Duvessa the sky beast
  6759 | D:6      | Killed Edmund
  6827 | D:6      | Found a snail-covered altar of Cheibriados.
  7221 | D:6      | Killed Menkaure
  7495 | D:7      | Gained mutation: Your touch may inflict minor irresistible
                  | damage on your foes. [demonic ancestry]
  7495 | D:7      | Reached XP level 9. HP: 35/70 MP: 9/9
  8302 | D:7      | Found a hazy altar of Hepliaklqana.
  8332 | D:7      | Found a broken altar of Ashenzari.
  8614 | D:8      | Noticed Psyche
  8621 | D:7      | Upgraded the game from 0.28-a0-793-g31680bbd8b to
                  | 0.28-a0-794-gafe8c5f9e9
  9127 | D:8      | Killed Psyche
  9806 | D:7      | Reached skill level 6 in Fighting
  9927 | D:7      | Reached skill level 5 in Dodging
 10190 | D:8      | Noticed Pikel
 10213 | D:8      | Killed Pikel
 10214 | D:8      | Reached skill level 5 in Throwing
 10237 | D:8      | Noticed Grum
 10241 | D:8      | Reached XP level 10. HP: 65/79 MP: 10/10
 10256 | D:8      | Killed Grum
 10257 | D:8      | Reached skill level 5 in Armour
 10449 | D:8      | Reached skill level 5 in Evocations
 11231 | D:9      | Found Kuillilit's Book Emporium.
 11305 | D:9      | Reached skill level 5 in Maces & Flails
 11492 | D:9      | Reached skill level 5 in Shields
 11578 | D:9      | Noticed a wizard
 11804 | D:9      | Found Loriomm's Armour Shoppe.
 12246 | D:9      | Found Newausto's Antique Armour Shoppe.
 12257 | D:9      | Bought a pair of faintly glowing gloves for 294 gold pieces
 12257 | D:9      | Identified the +2 pair of gloves of the Original Sin {MP+9
                  | Int-4 SInv} (You bought it in a shop on level 9 of the
                  | Dungeon)
 12257 | D:9      | Bought a runed cloak for 232 gold pieces
 12257 | D:9      | Bought a slimy chain mail for 294 gold pieces
 12257 | D:9      | Identified the +1 chain mail of Imas {Harm} (You bought it
                  | in a shop on level 9 of the Dungeon)
 12391 | D:9      | Cast into level 2 of the Abyss (a wizard)
 12474 | Abyss:2  | Noticed a thrashing horror
 12541 | Abyss:2  | Noticed a will-o-the-wisp
 12553 | Abyss:2  | HP: 3/79 [will-o-the-wisp/foxfire (5)]
 12554 | Abyss:2  | HP: 1/79 [will-o-the-wisp/foxfire (2)]
 12557 | Abyss:2  | Killed from afar by a will-o-the-wisp

Illustrated notes

Levels and vault maps discovered:
D:1:      nicolae_arrival_washed_ashore, layout_basic,
          chequers_serial_rivers_room_b
D:2:      layout_basic, dreamdust_ecumenical_altar_angels_and_demons,
          minmay_guardbox
D:3:      layout_loops_ring, uniq_natasha, uniq_ijyb
D:4:      layout_gridville, gammafunk_ghost_abyssal_escape,
          hangedman_abyss_or_decor_stagger
D:5:      layout_basic, minmay_temple_entry_waves, uniq_eustachio
D:6:      layout_basic, slow_altar_1, uniq_duvessa, uniq_menkaure, uniq_grinder,
          uniq_edmund
D:7:      layout_cave_pods, mainiacjoe_overflow_two_lobes
D:8:      layout_basic, kennysheep_generic_room_9, uniq_pikel, uniq_grum,
          uniq_psyche
D:9:      layout_rooms, dancing_weapons_uskayaw,
          mainiacjoe_overflow_surrounded_room, serial_shops,
          nicolae_lakefront_shop, shop, nicolae_shop_crystal,
          minmay_fractal_squares_gapless_7
Temple:   minmay_crystal_spiral_temple
Abyss:2:  base: D:9, hangedman_abyss_or_decor_jellyfish_corner

Skill      XL: |  1  2  3  4  5  6  7  8  9 10 |
---------------+-------------------------------+-----
Dodging        | 2 3 4 5 |  5.8
Throwing       | 1 2 3 4 5 |  5.5
Armour         | 1 2 3 4 5 |  5.4
Maces & Flails | 1 2 3 4 5 |  5.2
Shields        | 1 2 3 4 5 |  5.2
Fighting       | 4 5 6 |  6.8
Evocations     | 1 2 3 4 5 |  5.4
Axes           | |  1.7
Stealth        | |  4.5

Action                   |  1- 3 |  4- 6 |  7- 9 | 10-12 || total
-------------------------+-------+-------+-------+-------++-------
Melee: Whip              |    66 |   129 |   226 |   119 ||   540
       Unarmed           |       |    14 |       |       ||    14
 Fire: Hunting sling     |       |       |     7 |       ||     7
Throw: Dart              |    13 |     7 |    59 |    13 ||    92
       Javelin           |       |       |       |    10 ||    10
       Throwing net      |       |       |       |     1 ||     1
Evoke: Wand              |       |       |     7 |       ||     7
  Use: Potion            |     1 |       |     8 |     3 ||    12
       Scroll            |       |       |     6 |       ||     6
 Stab: Sleeping          |       |     3 |       |       ||     3
       Distracted        |       |       |       |     3 ||     3
       Held in net/web   |       |       |       |     2 ||     2
Armor: Scale mail        |    32 |    30 |    71 |    24 ||   157
       Skin              |       |     2 |       |       ||     2
Dodge: Dodged            |    19 |    50 |    79 |    41 ||   189
Block: Buckler           |     7 |    17 |    27 |       ||    51
       Kite shield       |       |       |    69 |    76 ||   145

Table legend: (Time is in decaauts)
 A = Elapsed time spent in this place.
 B = Non-inter-level travel time spent in this place.
 C = Inter-level travel time spent in this place.
 D = Time resting spent in this place.
 E = Time spent auto-exploring this place.
 F = Levels seen in this place.
 G = Mean time per level.
                   A        B        C        D        E       F      G
               +--------+--------+--------+--------+--------+-----+--------+
         Total |  12534 |  11847 |    687 |    821 |   8762 |  12 | 1044.5 |
       Dungeon |  12172 |  11557 |    615 |    821 |   8621 |   9 | 1352.4 |
        Temple |    176 |    104 |     72 |      0 |     89 |   1 |  176.0 |
         Abyss |    185 |    185 |      0 |      0 |     52 |   2 |   92.5 |
               +--------+--------+--------+--------+--------+-----+--------+

Top non-repeatable levels by time:
     D:8: 1881 daAuts
     D:7: 1850 daAuts
     D:6: 1646 daAuts
     D:2: 1478 daAuts
     D:5: 1403 daAuts
     D:9: 1046 daAuts
     D:4: 998 daAuts
     D:1: 966 daAuts
     D:3: 900 daAuts
  Temple: 176 daAuts
 Abyss:2: 165 daAuts
 Abyss:1: 19 daAuts
